 Dungeon Sprint DCSS version 0.29.1-13-g9f3cf754e1 (webtiles) character file.

Game seed: 434980365627818244

5100000 LSt the Axe Maniac (level 20, -7/216 HPs)
             Began as a Ghoul Warper on Feb 10, 2023.
             Was the Champion of Makhleb.
             Mangled by The Servant
             ... wielding a +9 glaive of flaming
              (80 damage)
             ... in the Dungeon (Sprint VIII: "Arena of Blood").
             The game lasted 00:03:45 (51 turns).

LSt the Axe Maniac (Ghoul Warper)                     Turns: 51, Time: 00:03:45

Health: -7/216     AC:  6    Str: 18    XL:     20   Next: 83%
Magic:  21/50      EV: 25    Int:  8    God:    Makhleb [******]
Gold:   0          SH:  0    Dex: 14    Spells: 71/73 levels left

rFire   . . .      SeeInvis .   i - +∞ Axe of Woe
rCold   + . .      Faith    .   (shield currently unavailable)
rNeg    + + +      Spirit   .   b - +0 leather armour
rPois   ∞          Reflect  .   (no helmet)
rElec   .          Harm     .   (no cloak)
rCorr   .          Rampage  .   (no gloves)
Will    +....      NoTele   +   (no boots)
Stlth   +++++++++.              (no amulet)
HPRegen 0.00/turn               (no ring)
MPRegen 0.32/turn               (no ring)

@: inhibited regen
A: claws 1, cold resistance 1, negative energy resistance 3, inhibited
regeneration, torment resistance 2, devour on kill
a: Renounce Religion, Minor Destruction, Lesser Servant of Makhleb, Major
Destruction, Greater Servant of Makhleb


You were in the Dungeon.
You worshipped Makhleb.
Makhleb was exalted by your worship.
You visited 1 branch

Inventory:

Hand Weapons
 a - a +0 hand axe
 i - the +∞ Axe of Woe (weapon)
   (You found it in the Dungeon)
Missiles
 d - 7 boomerangs of dispersal (quivered)
Armour
 b - a +0 leather armour (worn)
Scrolls
 c - 2 scrolls of blinking
Potions
 e - a potion of curing
 f - a potion of heal wounds
 g - a potion of haste
 h - 2 potions of magic


   Skills:
 O Level 27 Fighting
 O Level 27 Axes
 + Level 3.9 Throwing
 O Level 27 Armour
 O Level 27 Dodging
 O Level 27 Stealth
 O Level 27 Spellcasting
 O Level 27 Translocations


You had 71 spell levels left.
You knew the following spells:

 Your Spells              Type           Power      Damage    Failure   Level
a - Blink                 Tloc           100%       N/A       0%          2

Your spell library contained the following spells:

 Spells                   Type           Power      Damage    Failure   Level
 Gell's Gravitas          Tloc           52%        N/A       0%          3
 Lesser Beckoning         Tloc           52%        N/A       0%          3
 Teleport Other           Tloc           52%        N/A       0%          3
 Manifold Assault         Tloc           52%        N/A       0%          5


Dungeon Overview and Level Annotations

Branches:
Dungeon (1/1)

Altars:
Makhleb

Annotations:
D The Servant


Innate Abilities, Weirdness & Mutations

You are immune to poison.
You have sharp fingernails.
Your flesh is cold resistant. (rC+)
You are immune to negative energy. (rN+++)
You do not regenerate when monsters are visible.
You are immune to unholy pain and torment.
You thrive by killing the living.


Message History

You dissect the bag of meat like a pig carcass.
You kill the bag of meat!
Makhleb accepts your kill.
The tyrant appears out of thin air!
A tyrant comes into view.
You hear a shout! x8
Your Spellcasting skill increases to level 24! 2 bags of meat and a large bag of meat come into view.
You hear a shout! x3
A destroyer comes into view. It is wielding a +9 vorpal great sword.
You hear a shout!
The Servant hits you from afar with a +9 glaive of flaming!!!
The Servant burns you!
You hear a shout! x2
The bag of meat moves out of view.
The destroyer shouts!
Items here: ))))))))))) =========== ††††††††.
The bag of meat shouts!
You hit the tyrant but do no damage.
You slaughter the tyrant joyfully.
You destroy the tyrant!
Makhleb accepts your kill.
You feel better.
You hear a shout! x4
A bag of meat comes into view. It is wielding a +9 war axe. x4
You hear a shout! x3
The Servant hits you from afar with a +9 glaive of flaming!!!
The Servant burns you!
You hear a shout!
A meat berserker comes into view. It is wielding a +9 battleaxe.
You have mastered Spellcasting!
You need to enable at least one skill for training.
Your Throwing skill gained 3 levels and is now at level 3!
Press: ? - help, v - describe, . - travel
Here: a bag of meat, wielding a +9 war axe and wearing a +30 ring of slaying A burning altar of Makhleb.
You hear a shout! x4
The bag of meat hits you with a +9 war axe!!
You hear a shout! x2
The Servant hits you with a +9 glaive of flaming!!!!
You die...

.o.o o... O. ..o
.o #.O o# . #..
..# ..###..
..###.
.......###......
.O.....)_).....L
.....#.@)..#....
... #o@<)_# . .
#.V...#
....._...o.
......###......
o###.. ..###.
#.. ..# #.. ..#
.. ..


You could see The Servant, a destroyer, a large bag of meat (inner flame), a
meat berserker (berserk) and 4 bags of meat.

Vanquished Creatures
  5 vampire knights (D)
  6 ogres (D)
  A lich (D)
  A hydra (D)
  18 orcs (D)
  2 skeletal warriors (D)
33 creatures vanquished.

Notes
Turn   | Place    | Note
-------+----------+-------------------------------------------
     0 | D        | Found the +∞ Axe of Woe
     0 | D        | LSt the Ghoul Warper began the quest for the Orb.
     0 | D        | Reached XP level 1. HP: 17/17 MP: 2/2
     0 | D        | Noticed a bag of meat
     1 | D        | Noticed a bag of meat
     1 | D        | Noticed a bag of meat
     2 | D        | Killed a bag of meat
     2 | D        | Noticed a bag of meat
     2 | D        | Noticed a bag of meat
     2 | D        | Noticed a bag of meat
     2 | D        | Noticed a bag of meat
     3 | D        | Reached XP level 2. HP: 24/24 MP: 3/3
     3 | D        | Reached XP level 3. HP: 29/29 MP: 4/4
     3 | D        | Reached XP level 4. HP: 36/36 MP: 5/5
     3 | D        | Reached XP level 5. HP: 41/41 MP: 6/6
     3 | D        | Reached XP level 6. HP: 48/48 MP: 7/7
     3 | D        | Reached XP level 7. HP: 55/55 MP: 8/8
     3 | D        | Reached XP level 8. HP: 61/61 MP: 9/9
     3 | D        | Reached XP level 9. HP: 67/67 MP: 10/10
     3 | D        | Reached XP level 10. HP: 73/73 MP: 11/11
     3 | D        | Reached XP level 11. HP: 79/79 MP: 12/12
     3 | D        | Noticed a bag of meat
     3 | D        | Noticed a meat berserker
     4 | D        | Noticed a meat berserker
     4 | D        | Noticed a bag of meat
     5 | D        | Became a worshipper of Makhleb the Destroyer
     5 | D        | Noticed a bag of meat
     6 | D        | Killed a bag of meat
     7 | D        | Reached XP level 12. HP: 85/85 MP: 13/13
     7 | D        | Killed a bag of meat
     7 | D        | Reached * piety under Makhleb
     7 | D        | Noticed a bag of meat
     8 | D        | Reached skill level 27 in Axes
     8 | D        | Killed a bag of meat
     8 | D        | Noticed a bag of meat
     9 | D        | Reached XP level 13. HP: 134/134 MP: 14/14
     9 | D        | Killed a bag of meat
     9 | D        | Noticed a bag of meat
    10 | D        | Killed a meat berserker
    10 | D        | Reached ** piety under Makhleb
    11 | D        | Reached skill level 10 in Translocations
    11 | D        | Reached XP level 14. HP: 152/152 MP: 15/15
    11 | D        | Killed a bag of meat
    12 | D        | Killed a meat berserker
    13 | D        | Reached XP level 15. HP: 170/170 MP: 16/16
    13 | D        | Reached *** piety under Makhleb
    15 | D        | Reached skill level 10 in Stealth
    16 | D        | Reached **** piety under Makhleb
    17 | D        | Reached skill level 27 in Fighting
    17 | D        | Reached skill level 15 in Stealth
    17 | D        | Reached XP level 16. HP: 183/183 MP: 17/17
    20 | D        | Noticed a meat berserker
    22 | D        | Noticed a large bag of meat
    22 | D        | Noticed a destroyer
    23 | D        | Reached ***** piety under Makhleb
    25 | D        | Reached XP level 17. HP: 191/191 MP: 18/18
    28 | D        | Killed a meat berserker
    29 | D        | Killed a destroyer
    30 | D        | Reached skill level 27 in Dodging
    30 | D        | Reached skill level 27 in Stealth
    30 | D        | Reached skill level 15 in Translocations
    31 | D        | Reached XP level 18. HP: 200/200 MP: 19/19
    33 | D        | Noticed a meat berserker
    33 | D        | Noticed a meat berserker
    34 | D        | Noticed a destroyer
    34 | D        | Learned a level 2 spell: Blink
    36 | D        | Noticed The Servant
    36 | D        | Noticed an eight-headed meat hydra
    37 | D        | Noticed a sculptor of flesh
    37 | D        | Noticed a destroyer
    37 | D        | Noticed a destroyer
    38 | D        | Noticed a sculptor of flesh
    39 | D        | Killed a meat berserker
    39 | D        | Killed a meat berserker
    39 | D        | Reached ****** piety under Makhleb
    39 | D        | Killed a sculptor of flesh
    40 | D        | Noticed a destroyer
    40 | D        | Noticed a meat berserker
    41 | D        | Killed a destroyer
    42 | D        | Reached XP level 19. HP: 207/207 MP: 19/30
    42 | D        | Killed a sculptor of flesh
    42 | D        | Killed a destroyer
    43 | D        | Killed a destroyer
    44 | D        | Reached skill level 15 in Spellcasting
    45 | D        | Killed a nine-headed meat hydra
    45 | D        | Killed a meat berserker
    46 | D        | Reached skill level 27 in Armour
    46 | D        | Reached skill level 27 in Translocations
    46 | D        | Reached XP level 20. HP: 216/216 MP: 19/42
    47 | D        | Killed a destroyer
    48 | D        | Noticed a tyrant
    49 | D        | Noticed a tyrant
    49 | D        | Noticed a large bag of meat
    49 | D        | Noticed a destroyer
    50 | D        | Killed a tyrant
    50 | D        | Noticed a meat berserker
    51 | D        | Reached skill level 27 in Spellcasting
    51 | D        | Mangled by The Servant

Illustrated notes

Levels and vault maps discovered:
D:        meatsprint

Skill      XL: |  1  2  3  4  5  6  7  8  9 10 11 12 13 14 15 16 17 18 19 20 |
---------------+-------------------------------------------------------------+-----
Axes           | 23 26 27 | 27.0
Fighting       | 17 21 25 27 | 27.0
Dodging        | 11 16 20 24 27 | 27.0
Translocations | 10 16 23 27 | 27.0
Stealth        | 15 24 27 | 27.0
Armour         | 13 21 27 | 27.0
Spellcasting   | 8 19 27 | 27.0
Throwing       | 3 |  3.9

Action                   |  1- 3 |  4- 6 |  7- 9 | 10-12 | 13-15 | 16-18 | 19-21 || total
-------------------------+-------+-------+-------+-------+-------+-------+-------++-------
Melee: Executioner's axe |     1 |       |       |     3 |     7 |     9 |     6 ||    26
